 Dungeon Crawl Stone Soup version 0.15-a0-33-ga435e27 (webtiles) character file.

57943 Merlin the Placeless Naga (level 14, -1/117 HPs)
             Began as a Naga Wizard on Apr 1, 2014.
             Was the Champion of Cheibriados.
             Slain by a freezing wraith (11 damage)
             ... on Level 1 of the Lair of Beasts.
             The game lasted 05:01:59 (38654 turns).

Merlin the Placeless Naga (Naga Wizard)            Turns: 38654, Time: 05:01:59

HP  -1/117       AC 15     Str 25      XL: 14   Next: 82%
MP  36/38        EV 15     Int 38      God: Cheibriados [******]
Gold 1262        SH  0     Dex 25      Spells:  8 memorised,  1 level left

rFire  x . .     SeeInvis +     b - +0,+3 dagger (elec)
rCold  + . .     Clarity  .     B - +2 robe {MR+}
rNeg   . . .     Conserve .     (no shield)
rPois  +         rCorr    +     c - +2 hat
rElec  .         rRot     .     G - +0 cloak
SustAb . .       Spirit   .     I - +0 pair of gloves
rMut   .         Warding  .     Z - +0 naga barding {Stlth+}
Saprov . . .     Stasis   .     Y - amulet of resist corrosion
MR     ++...                    V - ring of ice
                                q - ring of magical power

@: repel missiles, about to teleport, very slightly contaminated, slowed, very
slow, very resistant to hostile enchantments, extraordinarily stealthy
A: spit poison, constrict 1, see invisible, deformed body, poison resistance,
slowness 2, AC +4
a: Spit Poison, Bend Time, Temporal Distortion, Slouch, Step From Time, Renounce
Religion


You were on level 1 of the Lair of Beasts.
You worshipped Cheibriados.
Cheibriados was exalted by your worship.
You were not hungry.

You visited 4 branches of the dungeon, and saw 22 of its levels.
You also visited: Labyrinth and Bailey.

You collected 1502 gold pieces.
You spent 240 gold pieces at shops.

Inventory:

Hand weapons
 a - a +2,+2 dagger of venom
 b - a +0,+3 dagger of electrocution (weapon)
 s - the +2,+10 longbow "Piercer" {penet, EV-2}
   (You found it in a labyrinth)

   Ammo fired by it will pass through the targets it hits, potentially hitting
   all targets in its path until it reaches maximum range.
   It affects your evasion (-2).
 H - the +7,+5 trident of the Philosopher {freeze, rF+}
   (You found it on level 4 of the Lair of Beasts)

   It has been specially enchanted to freeze those struck by it, causing extra
   injury to most foes and up to double damage against particularly susceptible
   opponents.
   It can also slow down cold-blooded creatures.
   It protects you from fire.
 R - a +2,+1 dagger of protection
Armour
 c - a +2 hat (worn)
 r - a +2 robe of positive energy
 B - a +2 robe of magic resistance (worn)
 G - a +0 cloak (worn)
 I - a +0 pair of gloves (worn)
 K - a +2 leather armour of cold resistance
 Z - a +0 naga barding of stealth (worn)
Magical devices
 w - a wand of invisibility (5)
 z - a wand of cold (8)
 U - a wand of digging (16)
Comestibles
 J - 4 honeycombs
Scrolls
 h - 3 scrolls of remove curse
 o - 3 scrolls of blinking
 p - 3 scrolls of identify
 M - 4 scrolls of teleportation
 P - a scroll of vulnerability
Jewellery
 q - a ring of magical power (left hand)
 v - the ring of the Lotus Blossom {EV+3 Str+1 Dex+3}
   (You found it on level 3 of the Lair of Beasts)

   [ring of evasion]

   It affects your evasion (+3).
   It affects your strength (+1).
   It affects your dexterity (+3).
 x - an uncursed ring of sustain abilities
 A - an uncursed ring of flight
 L - an uncursed ring of sustenance
 S - an uncursed ring of protection from magic
 V - a ring of ice (right hand)
 X - an uncursed ring of positive energy
 Y - an amulet of resist corrosion (around neck)
Potions
 e - a potion of magic
 i - 4 potions of curing
 j - 2 potions of agility
Magical staves
 m - an uncursed staff of wizardry


   Skills:
 - Level 5.3 Fighting
 - Level 7.1 Dodging
 - Level 12.7 Stealth
 - Level 7.0 Spellcasting
 - Level 10.4 Conjurations
 - Level 3.5 Charms
 - Level 1.0 Summonings
 + Level 13.8 Translocations
 - Level 3.1 Air Magic
 - Level 9.1 Earth Magic
 - Level 4.0 Poison Magic
 - Level 5.5 Invocations


You had one spell level left.
You knew the following spells:

 Your Spells              Type           Power        Failure   Level  Hunger
a - Magic Dart            Conj           ####         1%          1    None
b - Blink                 Tloc           N/A          0%          2    None
c - Mephitic Cloud        Conj/Pois/Air  ######..     1%          3    None
d - Repel Missiles        Chrm/Air       #####.       1%          2    None
e - Conjure Flame         Conj/Fire      ####....     1%          3    None
f - Call Imp              Summ           ###.....     2%          2    None
g - Iron Shot             Conj/Erth      ######....   10%         6    #####..
h - Controlled Blink      Tloc           N/A          10%         7    #######


Dungeon Overview and Level Annotations

Branches:
Dungeon (11/15)            Temple (1/1) D:6             Orc (2/4) D:11
   Lair (8/8) D:8          Shoals (0/5) Lair:5       Spider (0/5) Lair:6
  Slime (0/6) Lair:6

Altars:
Ashenzari
Cheibriados
Dithmenos
Elyvilon
Fedhas
Kikubaaqudgha
Makhleb
Nemelex Xobeh
Okawaru
Sif Muna
Trog
Vehumet
Xom
Yredelemnul
Zin
The Shining One
Beogh

Shops:
D:8 :   Orc:1 (

Annotations:
D:8 exclusion: ice beast
Lair:1 exclusion: ice beast
Lair:4 Rupert
Lair:8 exclusion: 3 death yaks


Innate Abilities, Weirdness & Mutations

You cannot wear boots.
You can spit poison.
You can use your snake-like lower body to constrict enemies.
Your serpentine skin is tough (AC +4).
You have supernaturally acute eyesight.
Armour fits poorly on your strangely shaped body.
Your system is resistant to poisons.
You cover ground very slowly.


Message History

One of your 5 potions of curing freezes and shatters!
The freezing wraith closely misses you.
Read which item? (? for menu, Esc to quit)
As you read the scroll of teleportation, it crumbles to dust.
You feel strangely unstable. The freezing wraith hits you!
The freezing wraith freezes you. You resist.
* * * LOW HITPOINT WARNING * * *
The freezing wraith hits you but does no damage.
You hit the freezing wraith but do no damage.
There is a sudden explosion of sparks!
The freezing wraith is almost destroyed.
The freezing wraith hits you but does no damage.
The freezing wraith hits you.
* * * LOW HITPOINT WARNING * * *
The spiny frog stings you!
* * * LOW HITPOINT WARNING * * *
The freezing wraith hits you.
* * * LOW HITPOINT WARNING * * *
The freezing wraith freezes you! You resist.
You die...

#.%≈≈≈≈≈?!}≈≈≈≈≈,,,,,,*
#..≈≈≈≈≈≈≈≈≈≈≈≈≈,,,,***
#..≈≈≈≈≈≈≈≈≈≈≈≈≈,,,,,*
#..≈≈≈≈≈≈≈≈≈≈≈≈≈,,,,,*
##≈≈.≈.≈≈≈≈≈≈.....,*,,* ##
#≈≈≈....≈.≈≈≈...≈≈≈,,,**
f#######≈≈≈≈.≈≈≈§≈≈..≈≈≈≈,,,,*
.#..##...≈≈≈≈.≈.W§§.≈.≈≈. ,,**
....#...⌠.≈≈≈...@...≈.≈.⌠,***
................F.U......,*,*
........................,,,,*
............#...........,,*,*
.............#..........,*,,*
#.#....#.#...#.....#...,,,***
.#.....#......#...#.##,,**,**
##.##.#####.######.#.**,**,,*
###### **# ************


You could see a polar bear (confused), a freezing wraith and a spiny frog.

Vanquished Creatures
  4 hydras
  Fannar (Lair:2)
  A minotaur (Lab)
  Erica (Lair:4)
  The ghost of Herrn the Fighter, an experienced MiFi of Okawaru (D:10)
  A death yak (Lair:3)
  Erolcha (Orc:2)
  4 hill giants (D:11)
  An orc knight (Bailey)
  15 elephants
  2 gargoyles
  2 black mambas
  22 spiny frogs
  4 wandering mushrooms (Lab)
  3 fire drakes
  The ghost of BestPrincess the Ruinous, an experienced DECj (D:6)
  A queen bee (D:11)
  A troll (D:10)
  A centaur skeleton (D:11)
  5 komodo dragons
  2 polar bears (Lair:6)
  A two-headed ogre (D:11)
  A hydra skeleton (D:10)
  19 blink frogs
  A boulder beetle (Lair:8)
  3 basilisks
  A trapdoor spider (Lab)
  7 sharks (Lair:8)
  A shadow (D:11)
  A wraith (D:11)
  A deep elf mage (D:9)
  2 elephant slugs
  A hill giant zombie (D:10)
  3 hippogriffs
  Eustachio (Orc:1)
  7 vampire mosquitoes (Lair:8)
  4 wyverns
  2 hungry ghosts (Lab)
  A hill giant skeleton (D:10)
  35 yaks
  Menkaure (D:4)
  A warg (Orc:1)
  21 water moccasins
  10 wolves (Lair:7)
  A necrophage (D:7)
  5 ice beasts
  8 porcupines
  3 phantoms
  Purgy (D:4)
  3 giant goldfish (Lair:8)
  12 orc warriors
  4 sky beasts
  A boring beetle (Lair:8)
  4 ogres
  4 yellow wasps
  Duvessa (D:4)
  3 centaurs
  19 crocodiles
  14 giant slugs
  30 giant frogs
  Blork the orc (D:4)
  2 earth elementals (Lab)
  2 scorpions
  A yak zombie (D:10)
  17 killer bees (D:11)
  5 wights (D:6)
  2 electric eels (Lair:8)
  8 crimson imps
  2 goliath beetles
  2 centaur zombies
  Dowan (D:4)
  4 jellies
  3 big fish (Lair:8)
  14 orc priests
  Crazy Yiuf (D:4)
  5 gnoll shamans (D:6)
  A giant frog skeleton (D:4)
  4 worker ants
  15 hounds
  Natasha (thrice) (D:4)
  13 orc wizards
  10 iguanas
  9 sheep
  A sky beast zombie (D:6)
  A hound skeleton (D:5)
  A mummy (D:11)
  19 adders
  35 gnolls (D:6)
  75 green rats
  5 giant mites
  A worm zombie (D:8)
  2 white imps (Lair:1)
  A shadow imp (D:5)
  8 worms
  An iguana skeleton (D:6)
  A giant eyeball (D:4)
  An adder skeleton (D:8)
  8 giant geckos
  2 oozes
  99 orcs
  23 bats
  2 bat skeletons (D:7)
  A bat zombie (D:7)
  4 giant cockroaches
  20 goblins
  17 hobgoblins
  55 jackals
  17 kobolds
  13 quokkas
  2 ball pythons
  A giant cockroach zombie (D:6)
  4 giant newts
  2 jackal zombies
  A kobold zombie (D:5)
  2 orc skeletons
  An orc zombie (D:5)
  34 rats
  A rat skeleton (D:4)
  A butterfly (D:6)
  A fungus (Lair:6)
900 creatures vanquished.

Vanquished Creatures (collateral kills)
  A fungus (Lair:5)
1 creature vanquished.

Vanquished Creatures (others)
  2 crimson imps (D:10)
  A white imp (D:10)
  17 fungi
  22 plants
42 creatures vanquished.

Grand Total: 943 creatures vanquished

Notes
Turn   | Place    | Note
--------------------------------------------------------------
     0 | D:1      | Merlin, the Naga Wizard, began the quest for the Orb.
     0 | D:1      | Reached XP level 1. HP: 15/15 MP: 4/4
   547 | D:1      | Reached XP level 2. HP: 22/22 MP: 1/6
  1066 | D:1      | Reached skill level 4 in Stealth
  1489 | D:1      | Learned a level 2 spell: Blink
  1526 | D:1      | Reached XP level 3. HP: 28/28 MP: 0/8
  1598 | D:1      | Learned a level 3 spell: Mephitic Cloud
  2391 | D:2      | Reached XP level 4. HP: 36/36 MP: 3/9
  2486 | D:2      | Reached skill level 1 in Air Magic
  2539 | D:2      | Learned a level 2 spell: Repel Missiles
  2639 | D:2      | Reached skill level 1 in Poison Magic
  2802 | D:2      | Reached skill level 5 in Stealth
  3599 | D:3      | Reached XP level 5. HP: 42/42 MP: 9/11
  4265 | D:4      | Noticed Menkaure
  4700 | D:4      | Noticed Natasha
  4821 | D:4      | Learned a level 3 spell: Conjure Flame
  5024 | D:4      | Killed Natasha
  5653 | D:4      | Noticed Natasha
  5659 | D:4      | Killed Natasha
  5659 | D:4      | Reached XP level 6. HP: 49/49 MP: 9/13
  5924 | D:4      | Noticed Duvessa
  5924 | D:4      | Noticed Dowan
  5929 | D:4      | Noticed Blork the orc
  5937 | D:4      | Killed Dowan
  5946 | D:4      | Killed Duvessa
  5951 | D:4      | Killed Blork the orc
  6232 | D:4      | Killed Menkaure
  6232 | D:4      | Reached skill level 6 in Stealth
  6232 | D:4      | Reached XP level 7. HP: 8/55 MP: 9/17
  6498 | D:4      | Noticed Purgy
  6521 | D:4      | Killed Purgy
  6525 | D:4      | Learned a level 2 spell: Call Imp
  7174 | D:4      | Noticed Crazy Yiuf
  7206 | D:4      | Killed Crazy Yiuf
  7484 | D:4      | Noticed a phantom
  7494 | D:4      | Noticed Natasha
  7496 | D:4      | Killed Natasha
  7525 | D:4      | Killed a phantom
  7525 | D:4      | Reached XP level 8. HP: 33/62 MP: 16/18
  7729 | D:5      | Entered Level 5 of the Dungeon
  7808 | D:5      | Reached skill level 7 in Stealth
  8922 | D:6      | Reached skill level 8 in Stealth
  8973 | D:6      | Found a shimmering altar of Xom.
  8980 | D:6      | Noticed BestPrincess' ghost (experienced DECj)
  8991 | D:6      | Killed BestPrincess' ghost
  8991 | D:6      | Reached skill level 5 in Conjurations
  9156 | D:6      | Reached skill level 5 in Translocations
  9213 | D:6      | Found a staircase to the Ecumenical Temple.
  9415 | D:7      | Reached XP level 9. HP: 68/68 MP: 15/20
  9523 | Temple   | Entered the Ecumenical Temple
  9922 | D:6      | Reached skill level 9 in Stealth
 11447 | D:6      | Reached skill level 5 in Spellcasting
 11448 | D:6      | Reached skill level 1 in Fighting
 11771 | D:6      | Reached skill level 10 in Stealth
 12493 | D:7      | Reached XP level 10. HP: 79/81 MP: 10/22
 12823 | D:7      | Reached skill level 1 in Charms
 13441 | D:8      | Found Fruoruen's Book Shop.
 13523 | D:8      | Found a staircase to the Lair.
 13523 | D:8      | Noticed an elephant
 14012 | Lair:1   | Entered Level 1 of the Lair of Beasts
 14809 | D:8      | Killed an elephant
 14809 | D:8      | Reached skill level 5 in Dodging
 14940 | D:8      | Reached skill level 11 in Stealth
 15468 | D:9      | Found a shadowy altar of Dithmenos.
 15470 | D:9      | Found a glowing silver altar of Zin.
 15471 | D:9      | Found a snail-covered altar of Cheibriados.
 15472 | D:9      | Found a sparkling altar of Nemelex Xobeh.
 15476 | D:9      | Became a worshipper of Cheibriados the Contemplative
 15809 | D:10     | Entered Level 10 of the Dungeon
 15813 | D:10     | Noticed Herrn's ghost (experienced MiFi)
 16731 | D:10     | Killed Herrn's ghost
 16731 | D:10     | Reached skill level 1 in Invocations
 17004 | D:10     | Reached XP level 11. HP: 86/90 MP: 22/25
 18327 | D:10     | Acquired Cheibriados' first power
 18414 | D:11     | Noticed a hill giant
 18455 | D:11     | Found a staircase to the Orcish Mines.
 18460 | D:11     | Found a roughly hewn altar of Beogh.
 18943 | D:11     | Noticed a hill giant
 19541 | D:11     | Acquired Cheibriados' second power
 19541 | D:11     | Reached skill level 12 in Stealth
 19866 | D:11     | Noticed a hill giant
 19873 | D:11     | Killed a hill giant
 19882 | D:11     | Killed a hill giant
 20383 | D:11     | Killed a hill giant
 21041 | Orc:1    | Entered Level 1 of the Orcish Mines
 21041 | Orc:1    | Noticed Eustachio
 21048 | Orc:1    | Found Twynax's Antique Weapon Emporium.
 21058 | Orc:2    | Noticed Erolcha
 21061 | Orc:2    | Killed Erolcha
 21061 | Orc:2    | Acquired Cheibriados' third power
 21061 | Orc:2    | Reached skill level 5 in Invocations
 21220 | Orc:1    | Found a flagged portal.
 21254 | Bailey   | Entered a bailey
 21425 | Bailey   | Reached skill level 5 in Fighting
 21648 | Bailey   | Reached XP level 12. HP: 103/103 MP: 21/26
 21846 | Bailey   | Noticed an orc knight
 22013 | Bailey   | Killed an orc knight
 22773 | Orc:1    | Learned a level 6 spell: Iron Shot
 22788 | Orc:1    | Bought a shimmering whip for 240 gold pieces
 22807 | Orc:1    | Killed Eustachio
 22911 | Orc:1    | Identified the +9,+9 whip "Cizas" {slash, +Fly MR+ Dex-2} (You bought it in a shop on level 1 of the Orcish Mines)
 22947 | D:11     | Noticed a hill giant
 22965 | D:11     | Killed a hill giant
 22965 | D:11     | Reached skill level 1 in Earth Magic
 24574 | Lair:2   | Noticed Fannar
 25564 | Lair:3   | Noticed a death yak
 25565 | Lair:3   | Noticed a death yak
 25565 | Lair:3   | Noticed a death yak
 25919 | Lair:3   | Got a twitching steel ring
 25923 | Lair:3   | Identified the ring of the Lotus Blossom {EV+3 Str+1 Dex+3} (You found it on level 3 of the Lair of Beasts)
 26190 | Lair:3   | Noticed a death yak
 26597 | Lair:4   | Noticed Rupert
 27084 | Lair:4   | Reached skill level 5 in Earth Magic
 27347 | Lair:4   | Noticed Erica
 28862 | Lair:4   | Killed Erica
 28862 | Lair:4   | Reached XP level 13. HP: 109/109 MP: 25/28
 28892 | Lair:4   | Got a steaming trident
 28893 | Lair:4   | Identified the +7,+5 trident of the Philosopher {freeze, rF+} (You found it on level 4 of the Lair of Beasts)
 29495 | Lair:5   | Found a staircase to the Shoals.
 29964 | Lair:5   | Reached skill level 10 in Conjurations
 30456 | Lair:6   | Got a warped spear
 30545 | Lair:6   | Found a labyrinth entrance.
 30547 | Lair:6   | Identified the cursed -2,+5 spear "Nuxuvio" {flame, +Rage} (You found it on level 6 of the Lair of Beasts)
 30595 | Lair:6   | Found a staircase to the Slime Pits.
 30644 | Lab      | Entered a labyrinth
 31457 | Lab      | Noticed a minotaur
 31461 | Lab      | Killed a minotaur
 31481 | Lab      | Identified a +5 rod of ignition (10/10) (You took it off a minotaur in a labyrinth)
 31796 | Lair:3   | Killed a death yak
 31906 | Lair:2   | Learned a level 7 spell: Controlled Blink
 32182 | Lair:6   | Found a hole to the Spider Nest.
 34025 | Lair:7   | Reached skill level 10 in Translocations
 34234 | Lair:8   | Entered Level 8 of the Lair of Beasts
 34259 | Lair:8   | Reached XP level 14. HP: 51/117 MP: 29/29
 34538 | Lair:8   | Got a smelly scale mail
 37240 | Lair:8   | Reached skill level 13 in Translocations
 38306 | Lair:2   | Killed Fannar
 38346 | Lair:2   | Identified a scroll of acquirement
 38551 | Lair:2   | Identified the +5 scale mail of Liberalism {rPois Dam+3} (You found it on level 8 of the Lair of Beasts)
 38654 | Lair:1   | Slain by a freezing wraith

Action                   |  1- 3 |  4- 6 |  7- 9 | 10-12 | 13-15 || total
-------------------------+-------+-------+-------+-------+-------++-------
Melee: Club              |    30 |       |       |       |       ||    30
       Dagger            |    24 |   156 |   332 |  1001 |   743 ||  2256
       Quarterstaff      |       |       |    27 |       |       ||    27
       Whip              |       |       |    65 |   112 |       ||   177
       Trident           |       |       |       |       |     8 ||     8
Throw: Dart              |       |       |     1 |       |       ||     1
 Cast: Magic Dart        |    65 |    64 |   207 |   464 |   301 ||  1101
       Repel Missiles    |       |     1 |       |     4 |       ||     5
       Conjure Flame     |       |     1 |     9 |    33 |    12 ||    55
       Mephitic Cloud    |       |     5 |    34 |    59 |    41 ||   139
       Call Imp          |       |       |       |     5 |       ||     5
       Iron Shot         |       |       |       |     2 |    19 ||    21
Invok: Slouch            |       |       |       |     1 |       ||     1
Evoke: Wand              |       |     1 |     3 |     3 |     9 ||    16
  Use: Scroll            |     2 |       |       |    27 |    10 ||    39
       Potion            |       |       |       |     3 |     6 ||     9
 Stab: Sleeping          |     1 |     6 |    13 |    81 |    42 ||   143
       Confused          |       |       |    15 |    20 |    25 ||    60
       Distracted        |       |       |       |     5 |       ||     5
